 Dungeon Crawl Stone Soup version 0.28-a0-769-g550dbda0cd (webtiles) character file.

Game seed: 11889036343964270527

9707 KoroneIsBestGirl the Nimble (level 11, -12/77 HPs)
             Began as an Octopode Ice Elementalist on Oct 31, 2021.
             Mangled by an eight-headed hydra (15 damage)
             ... on level 10 of the Dungeon.
             The game lasted 00:21:28 (14746 turns).

KoroneIsBestGirl the Nimble (OpIE)                 Turns: 14746, Time: 00:21:28

Health: -12/77     AC:  5    Str:  8    XL:     11   Next: 50%
Magic:  16/20      EV: 17    Int: 23    God:
Gold:   559        SH:  0    Dex: 13    Spells: 13/22 levels left

rFire   . . .      SeeInvis .   w - +0 quarterstaff (spect)
rCold   . . .      Faith    .   (shield currently unavailable)
rNeg    . . .      Spirit   .   f - +0 hat
rPois   .          Reflect  .   (no amulet)
rElec   .          Harm     .   k - +4 ring of protection
rCorr   .          Rampage  .   e - ring of willpower
Will    +....                   t - ring of Rogam {Wiz Int+3}
Stlth   +++.......              (no ring)
HPRegen 0.22/turn               (no ring)
MPRegen 0.17/turn               (no ring)
                                (no ring)
                                (no ring)

@: freezing walls
A: almost no armour, amphibious, 8 rings, camouflage 1, gelatinous body 1,
(nimble swimmer 1), tentacles
a: no special abilities


You were on level 10 of the Dungeon.
You visited 2 branches of the dungeon, and saw 11 of its levels.

You collected 559 gold pieces.

Inventory:

Hand Weapons
 h - a +2 trident of venom
 i - the +4 great mace of Cekacruf {flame, rElec rF+ Str+3}
   (You took it off an ogre on level 5 of the Dungeon)

   It burns those it strikes, dealing additional fire damage.
   Str:       It affects your strength (+3).
   rF:        It protects you from fire.
   rElec:     It insulates you from electricity.
 w - a +0 spectral quarterstaff (weapon)
Armour
 f - a +0 hat (worn)
Jewellery
 e - a ring of willpower (right tentacle)
 k - a +4 ring of protection (left tentacle)
 t - the ring of Rogam (on tentacle) {Wiz Int+3}
   (You acquired it on level 9 of the Dungeon)

   [ring of wizardry]

   It improves your spell success rate.
   Int:       It affects your intelligence (+3).
Wands
 b - a wand of iceblast (18)
 x - a wand of flame (20)
Scrolls
 d - a scroll of holy word
 g - a scroll of enchant weapon
 j - 4 scrolls of amnesia
 l - a scroll of silence
 m - a scroll of noise
 q - a scroll of teleportation
 r - a scroll of fear
 v - a scroll of fog
Potions
 a - a potion of attraction
 c - a potion of magic
 n - 2 potions of berserk rage {unknown}
 o - 2 potions of curing
 p - a potion of degeneration {unknown}
 s - a potion of ambrosia
 u - a potion of mutation {unknown}
 z - a potion of haste {unknown}


   Skills:
 + Level 8.3 Fighting
 + Level 9.0 Polearms
 + Level 9.6 Dodging
 - Level 2.6 Stealth
 * Level 6.3 Spellcasting
 + Level 1.3 Hexes
 - Level 7.0 Ice Magic


You had 13 spell levels left.
You knew the following spells:

 Your Spells              Type           Power      Damage    Failure   Level
a - Freeze                Ice            100%       1d11      1%          1
b - Frozen Ramparts       Ice            78%        1d9       1%          3
c - Metabolic Englaciati  Hex/Ice        13%        N/A       16%         5

Your spell library contained the following spells:

 Spells                   Type           Power      Damage    Failure   Level
 Slow                     Hex            52%        N/A       1%          1
 Ensorcelled Hibernation  Hex/Ice        52%        N/A       1%          2
 Ozocubu's Armour         Ice            39%        N/A       1%          3
 Apportation              Tloc           14%        N/A       3%          1
 Sandblast                Erth           14%        2d6       3%          1
 Passwall                 Tmut/Erth      5%         N/A       4%          2
 Confusing Touch          Hex            13%        N/A       6%          3
 Tukima's Dance           Hex            13%        N/A       6%          3
 Hailstorm                Conj/Ice       23%        3d7       8%          4
 Ice Form                 Ice/Tmut       23%        N/A       8%          4
 Spider Form              Tmut/Pois      3%         N/A       10%         3
 Stone Arrow              Conj/Erth      14%        3d7       10%         3
 Swiftness                Air            7%         N/A       10%         3
 Vampiric Draining        Necr           3%         2d6       10%         3
 Leda's Liquefaction      Hex/Erth       5%         N/A       24%         4
 Passage of Golubria      Tloc           7%         N/A       32%         4
 Yara's Violent Unravell  Hex/Tmut       5%         3d4       52%         5
 Alistair's Intoxication  Tmut/Pois      4%         N/A       63%         5
 Lee's Rapid Deconstruct  Erth           3%         3d6*      63%         5
 Simulacrum               Ice/Necr       11%        N/A       71%         6
 Invisibility             Hex            6%         N/A       94%         6
 Statue Form              Tmut/Erth      4%         N/A       99%         6
 Lehudib's Crystal Spear  Conj/Erth      3%         10d3      100%        8
 Animate Armour           Summ/Erth      Unusable   N/A       N/A         4

Dungeon Overview and Level Annotations

Branches:
Dungeon (10/15)            Temple (1/1) D:5            Lair (0/6) D:8
    Orc: D:9-12

Altars:
Ashenzari
Cheibriados
Dithmenos
Elyvilon
Fedhas
Hepliaklqana
Kikubaaqudgha
Makhleb
Nemelex Xobeh
Okawaru
Qazlal
Ru
Sif Muna
Trog
Uskayaw
Vehumet
Wu Jian
Xom
Yredelemnul
Zin
The Shining One

Shops:
D:5 [

Annotations:
D:10 1 transporter


Innate Abilities, Weirdness & Mutations

You cannot wear most types of armour.
You are amphibious.
You can wear up to eight rings at the same time.
Your skin changes colour to match your surroundings (Stealth+).
Your rubbery body absorbs attacks. (AC +1, EV +1)
((You are camouflaged near water. (Stealth+)))
You have tentacles for arms and can constrict up to eight enemies at once.


Message History

Found 15 gold pieces.
Found an escape hatch in the floor.
An eight-headed hydra is nearby!
What are your orders? t - Shout!
Orders for allies: a - Attack new target. r - Retreat! s - Stop attacking. g - Guard the area. f - Follow me.
Anything else - Cancel.
You shout for attention!
The eight-headed hydra roars!
Casting: Frozen Ramparts (safe; 1% risk of failure)
Confirm with . or Enter, or press ? or * to list all spells.
Casting: Frozen Ramparts (safe; 1% risk of failure)
Press: ? - help, Dir - look around, f - activate The walls around you are covered in ice.
The wall freezes the eight-headed hydra.
The eight-headed hydra seems to slow down.
You thump the eight-headed hydra!
The eight-headed hydra is lightly wounded.
The wall freezes the eight-headed hydra.
The eight-headed hydra seems to slow down.
The eight-headed hydra bites you. The eight-headed hydra bites you!
The eight-headed hydra closely misses you.
The eight-headed hydra barely misses you.
The eight-headed hydra bites you! The eight-headed hydra misses you.
The eight-headed hydra closely misses you.
The eight-headed hydra bites you.
You freeze the eight-headed hydra.
The eight-headed hydra is moderately wounded.
You freeze the eight-headed hydra!
The eight-headed hydra is moderately wounded.
The wall freezes the eight-headed hydra!
The eight-headed hydra misses you. The eight-headed hydra bites you! x3
* * * LOW HITPOINT WARNING * * *
The eight-headed hydra bites you but does no damage.
The eight-headed hydra bites you!
* * * LOW HITPOINT WARNING * * *
The eight-headed hydra bites you.
* * * LOW HITPOINT WARNING * * *
The eight-headed hydra bites you!
You die...

#........# #.#...
#........###.#...
#.......††...#...
#.....(..#####...
####'##### #...
#####.# #...
#.....# #...
#.##### ##.# #@#
#. #D# ... ...
... ..... ...
#...... ...
#....... ...
#......>. ...
#......$.. ...
...


You could see an eight-headed hydra (slow).

Vanquished Creatures
  A two-headed ogre (D:10)
  A manticore (D:9)
  Joseph (D:8)
  The ghost of HilariousDeathArtist the Grave Robber, a novice GnNe of Ignis (D:5)
  Psyche (D:9)
  Maggie (D:9)
  2 trolls
  A hornet (D:8)
  Sigmund (D:6)
  9 yaks (D:10)
  A vampire (D:10)
  A steam dragon (D:8)
  A wyvern (D:8)
  2 basilisks (D:8)
  3 water moccasins (D:8)
  4 black bears
  2 necrophages (D:7)
  4 ogres
  3 sky beasts
  2 ice beasts (D:7)
  6 centaurs
  A phantom (D:4)
  2 wolves (D:8)
  4 bullfrogs
  2 scorpions
  A wyvern skeleton (D:7)
  3 wights (D:9)
  12 killer bees
  2 howler monkeys (D:8)
  2 bullfrog zombies
  6 centaur skeletons
  4 centaur zombies
  3 hounds
  2 orc priests
  5 jellies
  A bullfrog skeleton (D:6)
  2 gnoll shamans
  2 iguanas
  10 orc wizards
  A killer bee zombie (D:7)
  Robin (D:4)
  12 gnolls
  9 adders
  A shadow imp (D:6)
  A white imp (D:7)
  3 ufetubi
  An adder skeleton (D:4)
  A worm (D:3)
  4 dart slugs
  16 orcs
  7 bats
  7 endoplasms
  5 giant cockroaches
  12 goblins
  12 hobgoblins
  15 jackals
  A kobold (D:1)
  6 quokkas
  9 ball pythons
  A frilled lizard (D:3)
  A rat (D:2)
238 creatures vanquished.

Vanquished Creatures (others)
  4 fungi (D:8)
  13 plants (D:8)
17 creatures vanquished.

Grand Total: 255 creatures vanquished

Notes
Turn   | Place    | Note
-------+----------+-------------------------------------------
     0 | D:1      | KoroneIsBestGirl the Octopode Ice Elementalist began the
                  | quest for the Orb.
     0 | D:1      | Reached XP level 1. HP: 11/11 MP: 3/3
   409 | D:1      | Reached XP level 2. HP: 17/17 MP: 1/5
  1238 | D:1      | Reached XP level 3. HP: 21/21 MP: 4/6
  1242 | D:1      | Learned a level 3 spell: Frozen Ramparts
  1735 | D:2      | Found an ancient bone altar of Kikubaaqudgha.
  2207 | D:2      | Found a faded altar of an unknown god.
  2631 | D:3      | Reached XP level 4. HP: 27/27 MP: 8/8
  3031 | D:3      | Found a shimmering altar of Xom.
  3032 | D:3      | Found a shimmering altar of Xom.
  3044 | D:3      | Reached skill level 1 in Polearms
  3044 | D:3      | Reached XP level 5. HP: 18/31 MP: 2/9
  3173 | D:3      | Found a shimmering altar of Xom.
  3173 | D:3      | Found a shimmering altar of Xom.
  3858 | D:4      | Noticed a phantom
  3997 | D:5      | Entered Level 5 of the Dungeon
  4011 | D:5      | Found a staircase to the Ecumenical Temple.
  4027 | Temple   | Entered the Ecumenical Temple
  4400 | D:5      | Reached skill level 5 in Ice Magic
  4410 | D:5      | Noticed a black bear
  4415 | D:5      | Killed a black bear
  4416 | D:5      | Reached XP level 6. HP: 30/36 MP: 5/11
  4559 | D:5      | Reached XP level 7. HP: 21/41 MP: 5/12
  4860 | D:5      | Found a shimmering blue altar of Sif Muna.
  4953 | D:5      | Got Sif Muna's Handbook of Dislocation
  5028 | D:5      | Found an ornate altar of the Wu Jian Council.
  5075 | D:5      | Found Jejawnai's Armour Emporium.
  5163 | D:5      | Found a white marble altar of Elyvilon.
  5168 | D:5      | Found a hazy altar of Hepliaklqana.
  5171 | D:5      | Found a sacrificial altar of Ru.
  5172 | D:5      | Found an iron altar of Okawaru.
  5172 | D:5      | Found a radiant altar of Vehumet.
  5173 | D:5      | Found a burning altar of Makhleb.
  5242 | D:5      | Found a transporter.
  5243 | D:5      | Found a transporter.
  5243 | D:5      | Noticed HilariousDeathArtist's ghost (novice GnNe)
  5243 | D:5      | Identified the +4 great mace of Cekacruf {flame, rElec rF+
                  | Str+3}
  5267 | D:5      | Reached skill level 1 in Fighting
  5268 | D:5      | Reached XP level 8. HP: 15/48 MP: 5/14
  5631 | D:4      | Reached skill level 5 in Dodging
  5667 | D:4      | HP: 2/49 [acid (9)]
  6292 | D:4      | Noticed Robin
  6307 | D:4      | Killed Robin
  6646 | D:6      | Reached skill level 5 in Spellcasting
  6673 | D:6      | Noticed Sigmund
  7087 | D:6      | Killed Sigmund
  7241 | D:6      | Found a bloodstained altar of Trog.
  7250 | D:6      | Reached XP level 9. HP: 56/56 MP: 13/16
  8224 | D:7      | Reached skill level 5 in Polearms
  8536 | D:5      | Killed HilariousDeathArtist's ghost
  8947 | D:7      | Noticed a troll
  9588 | D:7      | Reached skill level 5 in Fighting
  9941 | D:7      | Reached XP level 10. HP: 66/66 MP: 15/19
 11465 | D:8      | Found a staircase to the Lair.
 11469 | D:8      | Noticed Joseph
 12204 | D:8      | Killed Joseph
 12554 | D:9      | Noticed Maggie
 12571 | D:9      | Killed Maggie
 12922 | D:9      | Reached XP level 11. HP: 75/75 MP: 20/20
 13084 | D:9      | Found a blossoming altar of Fedhas.
 13142 | D:9      | Noticed a manticore
 13144 | D:9      | Noticed Psyche
 13158 | D:9      | Killed a manticore
 13330 | D:9      | Killed Psyche
 13953 | D:10     | Entered Level 10 of the Dungeon
 13962 | D:10     | Found a basalt altar of Yredelemnul.
 14014 | D:10     | Identified a scroll of acquirement
 14032 | D:10     | Found a transporter.
 14073 | D:10     | Noticed a moth of wrath
 14295 | D:9      | Acquired the ring of Rogam {Wiz Int+3}
 14304 | D:9      | Learned a level 5 spell: Metabolic Englaciation
 14465 | D:10     | Noticed a two-headed ogre
 14469 | D:10     | Killed a two-headed ogre
 14636 | D:10     | Reached skill level 1 in Hexes
 14737 | D:10     | Noticed an eight-headed hydra
 14746 | D:10     | HP: 3/77 [eight-headed hydra (1)]
 14746 | D:10     | Mangled by an eight-headed hydra

Illustrated notes

Levels and vault maps discovered:
D:1:      amcnicky_arrival_underground_garden, layout_loops_ring
D:2:      layout_basic, basic_altar, ebering_ecumenical_altar_box,
          corexii_item_surrounded_by_moat
D:3:      layout_loops_corners, xom_redecorated
D:4:      layout_rooms, minmay_misc_feat_enclosed, uniq_robin
D:5:      layout_rooms, mainiacjoe_overflow_tiny_flanked, led_sif_book,
          minitemple, minmay_temple_entry_slanted, serial_shops,
          nicolae_shop_waterfront, gammafunk_ghost_smash
D:6:      layout_basic, bloody_trog, minmay_bent, uniq_sigmund
D:7:      layout_loops_ring, grunt_potential
D:8:      layout_gridville, minmay_lair_entry_grove, uniq_joseph
D:9:      layout_gridville, fedhas_ov_isle_minmay, hangedman_glass_teeth,
          minmay_between, uniq_maggie, uniq_psyche
D:10:     layout_roguey, mainiacjoe_overflow_six_doors_small,
          grunt_gozag_breadcrumbs, gammafunk_ghost_berserking_beasts,
          enter_bailey_2, roderic_filled_cross, doesnt_shop_hydraphobe
Temple:   compressed_dpeg_triangle_lava_temple

Skill      XL: |  1  2  3  4  5  6  7  8  9 10 11 |
---------------+----------------------------------+-----
Dodging        | 3 4 5 7 8 9 |  9.6
Polearms       | 1 2 3 4 6 8 9 |  9.0
Spellcasting   | 3 4 5 6 |  6.3
Ice Magic      | 5 6 7 |  7.0
Fighting       | 1 3 5 7 8 |  8.3
Hexes          | 1 |  1.3
Stealth        | |  2.6

Action                   |  1- 3 |  4- 6 |  7- 9 | 10-12 || total
-------------------------+-------+-------+-------+-------++-------
Melee: Dagger            |    22 |       |       |       ||    22
       Constrict         |     8 |     7 |    14 |    17 ||    46
       Tentacles         |     5 |     1 |    27 |    15 ||    48
       Trident           |     2 |    45 |   185 |    67 ||   299
       Quarterstaff      |       |       |       |    59 ||    59
 Cast: Freeze            |    37 |    25 |    56 |    55 ||   173
       Frozen Ramparts   |     3 |     5 |    23 |    23 ||    54
  Use: Potion            |       |     1 |     6 |       ||     7
       Scroll            |       |       |    10 |     4 ||    14
 Stab: Sleeping          |     3 |    11 |     9 |     4 ||    27
       Distracted        |       |       |     1 |     2 ||     3
Armor: Skin              |     7 |     9 |    70 |    31 ||   117
Dodge: Dodged            |    37 |    47 |   213 |   137 ||   434

Table legend: (Time is in decaauts)
 A = Elapsed time spent in this place.
 B = Non-inter-level travel time spent in this place.
 C = Inter-level travel time spent in this place.
 D = Time resting spent in this place.
 E = Time spent auto-exploring this place.
 F = Levels seen in this place.
 G = Mean time per level.
                   A        B        C        D        E       F      G
               +--------+--------+--------+--------+--------+-----+--------+
         Total |  14779 |  13891 |    888 |   2164 |   9964 |  11 | 1343.5 |
       Dungeon |  14443 |  13622 |    821 |   2164 |   9700 |  10 | 1444.3 |
        Temple |    335 |    268 |     67 |      0 |    264 |   1 |  335.0 |
               +--------+--------+--------+--------+--------+-----+--------+

Top non-repeatable levels by time:
     D:7: 2300 daAuts
     D:5: 1821 daAuts
     D:9: 1677 daAuts
     D:8: 1662 daAuts
     D:6: 1538 daAuts
     D:1: 1529 daAuts
     D:3: 1470 daAuts
     D:4: 1046 daAuts
     D:2: 875 daAuts
    D:10: 521 daAuts
  Temple: 335 daAuts
